 Dungeon Crawl Stone Soup version 0.28-a0-861-ge64d6db94f (webtiles) character file.

Game seed: 4057143681824774534

2 spiderkeys the Grasshopper (level 1, 0/19 HPs)
             Began as a Naga Warper on Nov 16, 2021.
             Slain by a ball python (2 damage)
             ... on level 1 of the Dungeon.
             The game lasted 00:01:58 (134 turns).

spiderkeys the Grasshopper (Naga Warper)             Turns: 134, Time: 00:01:58

Health: 0/19       AC:  1    Str: 13    XL:     1   Next: 30%
Magic:  3/3        EV:  9    Int: 13    God:
Gold:   0          SH:  0    Dex: 10    Spells: 4/4 levels left

rFire   . . .      SeeInvis +     - Unarmed
rCold   . . .      Faith    .   (no shield)
rNeg    . . .      Spirit   .   a - +0 leather armour
rPois   +          Reflect  .   (no helmet)
rElec   .          Harm     .   (no cloak)
rCorr   .          Rampage  .   (no gloves)
Will    .....                   (no barding)
Stlth   +.........              (no amulet)
HPRegen 0.06/turn               (no ring)
MPRegen 0.08/turn               (no ring)

@: very slow
A: AC +0, large, see invisible, deformed body, poison resistance, slowness 2,
spit poison 1, naga tail 1
a: Spit Poison


You were on level 1 of the Dungeon.
You visited 1 branch of the dungeon, and saw 1 of its levels.


Innate Abilities, Weirdness & Mutations

Your serpentine skin is tough. (AC +0)
You have supernaturally acute eyesight. (SInv)
Armour fits poorly on your strangely shaped body.
Your system is resistant to poisons. (rPois)
You cover ground very slowly.
You can spit poison.
You have a snake-like lower body.


   Skills:
 + Level 2.0 Fighting
 - Level 0.8 Throwing
 - Level 0.7 Armour
 + Level 1.6 Dodging
 + Level 0.2 Stealth
 + Level 2.0 Unarmed Combat
 - Level 2.0 Spellcasting
 + Level 3.0 Translocations


You had 4 spell levels left.
You didn't know any spells.
Your spell library contained the following spells:

 Spells                   Type           Power      Damage    Failure   Level
 Blink                    Tloc           18%        N/A       14%         2
 Gell's Gravitas          Tloc           9%         N/A       28%         3
 Lesser Beckoning         Tloc           9%         N/A       28%         3
 Teleport Other           Tloc           9%         N/A       28%         3
 Manifold Assault         Tloc           9%         N/A       95%         5

Inventory:

Missiles
 c - 5 boomerangs of dispersal (quivered) {=f!f}
Armour
 a - a +0 leather armour (worn)
Scrolls
 b - a scroll of blinking {!r}

Dungeon Overview and Level Annotations

Branches:
Dungeon (1/15)

Altars:

## ############ ..
### #..........# #.
##.###.#.#.####.#
##.##...##..###.###.#
##........#.##
##.##.#
##........#.## ##...#
#........###.##
##.####
#.....).......###.##
#......@.###.#.#.##
##....S#+# ###.##
##...#)..# #.# ####
g...# #.#### .....#
#.##.##
......##.#...####
......+..........
......##.....##.#
.....###..#.###.#


You could see a ball python.


Message History

You add the spells Blink, Lesser Beckoning, Gell's Gravitas, Teleport Other and Manifold Assault to your library. 🤖 Initializing magus.rc ... ✅ Successfully initialized magus.rc [v1.9.10] Welcome, spiderkeys the Naga Warper.
Will you prevail where others failed? Will you find the Orb of Zot?
Press ? for a list of commands and other information.
Found a staircase leading out of the dungeon.
Unknown command.
Unknown command.
You don't know any spells.
You don't know any spells.
Okay, then.
Unknown command.
Okay, then.
You don't know any spells.
Okay, then.
You open the door.
Found a stone staircase leading down.
There is an open door here.
You open the door.
There is an open door here.
You open the door.
There is an open door here.
You open the door.
There is an open door here.
There is an open door here.
You open the door.
There is an open door here.
There is an open door here.
You open the door.
There is an open door here.
You open the gate.
There is an open gate here.
There is an open gate here.
There is an open gate here.
A rat comes into view.
The rat bites you but does no damage.
You hit the rat. The rat closely misses you.
You hit the rat.
You kill the rat!
A ball python, a goblin and a hobgoblin come into view.
The goblin shouts!
The hobgoblin shouts!
The ball python hisses angrily.
The ball python moves out of view.
The goblin barely misses you.
You hit the goblin but do no damage. The goblin hits you with a +0 club.
You closely miss the goblin.
The goblin hits you with a +0 club. 😕 HP[-3]
You take 3 damage, and now have 16/19 hp.
You hit the goblin.
The goblin hits you with a +0 club. 😮 HP[-4]
You take 4 damage, and now have 12/19 hp.
MASSIVE DAMAGE!! (PAUSE)
You closely miss the goblin. The goblin barely misses you.
You barely miss the goblin. The goblin closely misses you.
You closely miss the goblin.
The goblin hits you with a +0 club. 😮 HP[-2]
You take 2 damage, and now have 10/19 hp.
You closely miss the goblin. The goblin hits you with a +0 club.
* * * LOW HITPOINT WARNING * * *
😨 HP[-4]
You take 4 damage, and now have 6/19 hp.
MASSIVE DAMAGE!! (PAUSE)
You hit the goblin but do no damage. The goblin closely misses you.
You completely miss the goblin. The goblin hits you but does no damage.
You closely miss the goblin. The goblin hits you with a +0 club.
* * * LOW HITPOINT WARNING * * *
Unknown command. 😱 HP[-2]
You take 2 damage, and now have 4/19 hp.
You hit the goblin. The goblin hits you with a +0 club.
* * * LOW HITPOINT WARNING * * *
😱 HP[-2]
You take 2 damage, and now have 2/19 hp.
You hit the goblin.
You kill the goblin!
The ball python bites you.
You die...

Action                   || total
-------------------------++-------
Melee: Unarmed           ||    14
Armor: Leather armour    ||     2
Dodge: Dodged            ||     5

Levels and vault maps discovered:
D:1:      dpeg_arrival_water_fire, layout_loops_corners,
          hellmonk_ecumenical_altar_blasted, minmay_misc_feat_rows,
          serial_bayou_pond_e

Notes
Turn   | Place    | Note
-------+----------+-------------------------------------------
     0 | D:1      | spiderkeys the Naga Warper began the quest for the Orb.
     0 | D:1      | Reached XP level 1. HP: 19/19 MP: 3/3
     0 | D:1      | magus.rc [v1.9.10]
   131 | D:1      | HP: 4/19 [goblin (2)]
   134 | D:1      | Slain by a ball python

Vanquished Creatures
  A goblin (D:1)
  A rat (D:1)
2 creatures vanquished.

Table legend:
 A = Non-vault XP
 B = Vault XP
 C = Vault XP percentage of total XP
 D = Non-vault monster count
 E = Vault monster count
 F = Vault count percentage of total count
                 A         B        C        D         E       F
            +---------+---------+-------+---------+---------+-------
      Total |       3 |       0 |   0.0 |       2 |       0 |   0.0
            +---------+---------+-------+---------+---------+-------
        D:1 |       3 |       0 |   0.0 |       2 |       0 |   0.0
            +---------+---------+-------+---------+---------+-------

Illustrated notes

Table legend:
 A = Kills in this place as a percentage of kills in entire the game.
 B = Kills by you in this place as a percentage of kills by you in the entire game.
 C = Kills by friends in this place as a percentage of kills by friends in the entire game.
 D = Other kills in this place as a percentage of other kills in the entire game.
 E = Experience gained in this place as a percentage of experience gained in the entire game.
 F = Experience gained in this place divided by the number of levels of this place that you have seen.
                   A       B       C       D       E      F
               +-------+-------+-------+-------+-------+----------------------
         Total | 100.0 | 100.0 |   N/A |   N/A | 100.0 |   3.0
       Dungeon | 100.0 | 100.0 |   N/A |   N/A | 100.0 |   3.0
               +-------+-------+-------+-------+-------+----------------------

Table legend: (Time is in decaauts)
 A = Elapsed time spent in this place.
 B = Non-inter-level travel time spent in this place.
 C = Inter-level travel time spent in this place.
 D = Time resting spent in this place.
 E = Time spent auto-exploring this place.
 F = Levels seen in this place.
 G = Mean time per level.
                   A        B        C        D        E       F      G
               +--------+--------+--------+--------+--------+-----+--------+
         Total |    178 |    178 |      0 |      0 |    158 |   1 |  178.0 |
       Dungeon |    178 |    178 |      0 |      0 |    158 |   1 |  178.0 |
               +--------+--------+--------+--------+--------+-----+--------+

Top non-repeatable levels by time:
     D:1: 178 daAuts
